[ AOE2 MATCH · #459248968 ]
UnrankedMongols vs Portuguese
[ REPLAY ANALYSIS · EXTRACTED FROM THE RECORDED GAME ]
Feudal
11:14
Castle
21:24
Imperial
38:15
| APM avg | 20.8 |
| APM peak | 90 |
| eAPM avg | 14.0 |
| Villagers / military | 223 / 378 |
Focus
⚔️ 31.2% · 🌾 68.8%
Mangudai ×256 · Mangonel ×93 · Trade Cart ×58 · Scorpion ×15 · Trebuchet (Packed) ×10 · Monk ×4
Feudal
11:57
Castle
20:38
Imperial
42:09
| APM avg | 7.5 |
| APM peak | 28 |
| eAPM avg | 6.3 |
| Villagers / military | 99 / 50 |
Focus
⚔️ 15.2% · 🌾 84.8%
Trade Cart ×55 · Spearman ×30 · Bombard Cannon ×20
Feudal
12:50
Castle
17:38
Imperial
38:17
| APM avg | 22.6 |
| APM peak | 87 |
| eAPM avg | 12.7 |
| Villagers / military | 127 / 400 |
Focus
⚔️ 29.7% · 🌾 70.3%
Spearman ×160 · Camel Scout ×137 · Gbeto ×103 · Trade Cart ×43
Feudal
12:27
Castle
19:34
Imperial
35:35
| APM avg | 10.3 |
| APM peak | 33 |
| eAPM avg | 8.1 |
| Villagers / military | 77 / 114 |
Focus
⚔️ 17.1% · 🌾 82.9%
Mangonel ×114 · Trade Cart ×79
Feudal
—
Castle
—
Imperial
—
| APM avg | 9.2 |
| APM peak | 45 |
| eAPM avg | 8.2 |
| Villagers / military | 61 / 148 |
Focus
⚔️ 18.1% · 🌾 81.9%
Bombard Cannon ×142 · Monk ×6 · Trade Cart ×5
Feudal
10:53
Castle
14:33
Imperial
31:29
| APM avg | 33.1 |
| APM peak | 73 |
| eAPM avg | 23.4 |
| Villagers / military | 303 / 191 |
Focus
⚔️ 36.3% · 🌾 63.7%
Skirmisher ×81 · Bombard Cannon ×73 · Trade Cart ×38 · Spearman ×31 · Scorpion ×6
Feudal
—
Castle
—
Imperial
—
| APM avg | 11.7 |
| APM peak | 62 |
| eAPM avg | 5.8 |
| Villagers / military | 96 / 60 |
Focus
⚔️ 18.2% · 🌾 81.8%
Spearman ×25 · Trade Cart ×20 · Archer ×20 · Rattan Archer ×15
Feudal
12:00
Castle
15:19
Imperial
30:04
| APM avg | 30.3 |
| APM peak | 84 |
| eAPM avg | 20.5 |
| Villagers / military | 200 / 317 |
Focus
⚔️ 35.2% · 🌾 64.8%
War Elephant ×155 · Trade Cart ×64 · Scout Cavalry ×60 · Knight ×60 · Scorpion ×40 · Monk ×2
Match map
Initial resources + every placement click. Lines = walls · curves = elevation contours. ◆ gold · ⬟ stone · ● berries · ✦ relic · ◌ wall gap
Your base· ✓ Closed at 21:24 · 33t walls · 3 gate(s)
Glenn (g0lix)'s base· ✓ Closed at 20:38 · 0t walls · no gate
Pedrambo's base· ✓ Closed at 17:38 · 0t walls · no gate
Stolt's base· ✓ Closed at 19:34 · 29t walls · no gate
RevolverAguilar's base· Open — opponent sealed themselves in
Dexter's base· Open — opponent sealed themselves in
CNXwilly94's base· Open — opponent sealed themselves in
banjin's base· Open — opponent sealed themselves in
Smoothed initial terrain · ◌ = detected wall gap · hover for details
Inputs per minute
— zackariaz_87 - - Glenn (g0lix)
Build order — zackariaz_87
First 150 of 380 actions detected
| 0:03 | Create | Villager (Male) |
| 0:04 | Create | Villager (Male) |
| 0:04 | Create | Villager (Male) |
| 0:04 | Create | Villager (Male) |
| 0:09 | Build | House |
| 0:10 | Build | House |
| 0:50 | Build | House |
| 0:52 | Build | House |
| 0:53 | Build | House |
| 1:53 | Create | Villager (Male) |
| 1:53 | Create | Villager (Male) |
| 2:18 | Create | Villager (Male) |
| 2:18 | Create | Villager (Male) |
| 2:30 | Create | Villager (Male) |
| 2:30 | Create | Villager (Male) |
| 3:03 | Create | Villager (Male) |
| 3:19 | Create | Villager (Male) |
| 3:19 | Create | Villager (Male) |
| 3:42 | Create | Villager (Male) |
| 3:43 | Create | Villager (Male) |
| 4:19 | Create | Villager (Male) |
| 4:19 | Create | Villager (Male) |
| 4:19 | Create | Villager (Male) |
| 4:29 | Create | Villager (Male) |
| 4:29 | Create | Villager (Male) |
| 4:30 | Create | Villager (Male) |
| 5:27 | Create | Villager (Male) |
| 5:27 | Create | Villager (Male) |
| 5:27 | Create | Villager (Male) |
| 6:30 | Create | Villager (Male) |
| 6:30 | Create | Villager (Male) |
| 7:14 | Create | Villager (Male) |
| 7:14 | Create | Villager (Male) |
| 7:30 | Build | Mill |
| 7:37 | Create | Villager (Male) |
| 7:51 | Build | Lumber Camp |
| 8:39 | Create | Villager (Male) |
| 8:45 | Research | Feudal Age |
| 9:02 | Build | Mining Camp |
| 9:18 | Build | Mining Camp |
| 9:48 | Research | Loom |
| 9:49 | Create | Villager (Male) |
| 9:49 | Create | Villager (Male) |
| 9:49 | Create | Villager (Male) |
| 10:54 | Build | House |
| 10:58 | Build | House |
| 11:00 | Build | House |
| 11:02 | Build | House |
| 11:14 | Age | Feudal Age |
| 11:14 | Create | Villager (Male) |
| 11:15 | Create | Villager (Male) |
| 11:19 | Research | Double-Bit Axe |
| 12:14 | Create | Villager (Male) |
| 12:24 | Create | Villager (Male) |
| 12:59 | Build | Market |
| 13:16 | Create | Villager (Male) |
| 13:31 | Research | Gold Mining |
| 13:35 | Research | Stone Mining |
| 13:58 | Build | Blacksmith |
| 14:13 | Create | Villager (Male) ×5 |
| 14:41 | Build | Farm |
| 14:41 | Build | Farm |
| 14:42 | Build | Farm |
| 14:42 | Build | Farm |
| 14:42 | Build | Farm |
| 14:42 | Build | Farm |
| 14:43 | Build | Farm |
| 14:43 | Build | Farm |
| 14:43 | Build | Farm |
| 15:05 | Create | Villager (Male) |
| 15:22 | Build | House |
| 15:26 | Build | House |
| 15:29 | Build | House |
| 15:30 | Build | House |
| 15:32 | Build | House |
| 15:49 | Create | Villager (Male) |
| 15:49 | Create | Villager (Male) |
| 15:49 | Create | Villager (Male) |
| 15:59 | Build | Farm |
| 16:01 | Build | Farm |
| 16:04 | Build | Farm |
| 16:05 | Build | Farm |
| 16:37 | Build | Stone Wall |
| 16:40 | Build | Stone Wall |
| 16:45 | Build | Gate |
| 16:48 | Build | Gate |
| 16:54 | Build | Gate |
| 17:16 | Create | Villager (Male) |
| 17:45 | Build | House |
| 17:51 | Build | House |
| 17:53 | Build | House |
| 17:55 | Build | House |
| 17:55 | Build | House |
| 17:56 | Build | House |
| 17:56 | Build | House |
| 18:19 | Create | Trade Cart |
| 18:20 | Create | Trade Cart |
| 18:36 | Research | Castle Age |
| 19:09 | Build | Farm |
| 19:10 | Build | Farm |
| 19:10 | Build | Farm |
| 19:10 | Build | Farm |
| 19:11 | Build | Farm |
| 19:11 | Build | Farm |
| 19:11 | Build | Farm |
| 19:12 | Build | Farm |
| 19:12 | Build | Farm |
| 19:12 | Build | Farm |
| 19:12 | Build | Farm |
| 20:57 | Create | Villager (Male) |
| 20:57 | Create | Villager (Male) |
| 20:57 | Create | Villager (Male) |
| 21:24 | Age | Castle Age |
| 21:31 | Build | Town Center |
| 21:37 | Research | Bow Saw |
| 22:00 | Build | Monastery |
| 22:28 | Create | Villager (Male) ×5 |
| 22:29 | Create | Villager (Male) ×5 |
| 22:36 | Research | Stone Shaft Mining |
| 22:44 | Research | Wheelbarrow |
| 23:21 | Build | Town Center |
| 23:35 | Create | Villager (Male) |
| 23:35 | Create | Villager (Male) |
| 23:35 | Create | Villager (Male) |
| 23:35 | Create | Villager (Male) |
| 23:36 | Create | Villager (Male) |
| 24:37 | Build | Castle |
| 24:45 | Research | Hand Cart |
| 25:00 | Create | Villager (Male) ×5 |
| 25:12 | Create | Villager (Male) |
| 25:12 | Create | Villager (Male) |
| 25:17 | Build | Farm |
| 25:44 | Create | Trade Cart |
| 26:05 | Research | Padded Archer Armor |
| 26:06 | Research | Fletching |
| 26:29 | Create | Villager (Male) |
| 26:29 | Create | Villager (Male) |
| 26:29 | Create | Villager (Male) |
| 26:43 | Build | Town Center |
| 26:49 | Create | Villager (Male) ×5 |
| 26:49 | Create | Villager (Male) ×5 |
| 27:04 | Build | Farm |
| 27:07 | Build | Farm |
| 27:28 | Build | Mining Camp |
| 27:38 | Create | Villager (Male) ×5 |
| 27:48 | Create | Monk |
| 27:48 | Create | Monk |
| 27:48 | Create | Monk |
| 27:48 | Create | Monk |
| 27:55 | Research | Caravan |
Build order — Glenn (g0lix)
First 150 of 231 actions detected
| 0:02 | Create | Villager (Male) |
| 0:03 | Create | Villager (Male) |
| 0:03 | Create | Villager (Male) |
| 0:03 | Create | Villager (Male) |
| 0:08 | Build | House |
| 0:09 | Build | House |
| 0:11 | Build | House |
| 0:16 | Build | Lumber Camp |
| 1:37 | Create | Villager (Male) |
| 2:33 | Create | Villager (Male) |
| 2:58 | Create | Villager (Male) |
| 2:58 | Create | Villager (Male) |
| 3:03 | Create | Villager (Male) |
| 3:35 | Create | Villager (Male) |
| 4:06 | Create | Villager (Male) |
| 4:35 | Create | Villager (Male) |
| 4:54 | Create | Villager (Male) |
| 5:02 | Create | Villager (Male) |
| 5:51 | Build | Mill |
| 6:05 | Build | Mining Camp |
| 7:55 | Build | Mining Camp |
| 8:06 | Create | Villager (Male) |
| 9:42 | Create | Villager (Male) |
| 9:47 | Research | Feudal Age |
| 10:09 | Create | Villager (Male) |
| 11:17 | Build | House |
| 11:18 | Build | House |
| 11:19 | Build | House |
| 11:21 | Build | House |
| 11:22 | Build | House |
| 11:57 | Age | Feudal Age |
| 12:15 | Create | Villager (Male) |
| 12:38 | Build | Market |
| 13:11 | Build | Market |
| 14:11 | Research | Double-Bit Axe |
| 14:27 | Research | Horse Collar |
| 15:37 | Build | Blacksmith |
| 15:51 | Build | Blacksmith |
| 16:18 | Create | Villager (Male) |
| 16:21 | Research | Wheelbarrow |
| 16:22 | Create | Villager (Male) |
| 16:31 | Create | Villager (Male) |
| 17:07 | Build | Farm |
| 17:21 | Research | Castle Age |
| 17:33 | Build | Farm |
| 17:56 | Build | Farm |
| 17:57 | Build | Farm |
| 17:59 | Build | Farm |
| 18:00 | Build | Farm |
| 18:03 | Build | Farm |
| 18:06 | Build | Farm |
| 19:43 | Build | Farm |
| 19:56 | Build | House |
| 19:57 | Build | House |
| 19:59 | Build | House |
| 20:00 | Build | House |
| 20:04 | Build | House |
| 20:07 | Build | House |
| 20:08 | Build | House |
| 20:11 | Build | House |
| 20:13 | Build | House |
| 20:15 | Build | House |
| 20:16 | Build | House |
| 20:19 | Build | House |
| 20:21 | Build | House |
| 20:38 | Age | Castle Age |
| 21:13 | Build | Town Center |
| 21:19 | Create | Villager (Male) |
| 21:19 | Create | Villager (Male) |
| 21:19 | Create | Villager (Male) |
| 21:20 | Create | Villager (Male) |
| 21:20 | Create | Villager (Male) |
| 22:02 | Create | Villager (Male) |
| 22:21 | Research | Hand Cart |
| 22:21 | Research | Hand Cart |
| 23:01 | Build | Monastery |
| 23:14 | Create | Villager (Male) |
| 23:15 | Create | Villager (Male) |
| 23:16 | Create | Villager (Male) |
| 23:36 | Research | Bow Saw |
| 23:50 | Research | Fervor |
| 24:21 | Create | Villager (Male) ×5 |
| 24:21 | Create | Villager (Male) ×3 |
| 24:23 | Create | Villager (Male) |
| 24:23 | Create | Villager (Male) |
| 24:42 | Research | Sanctity |
| 25:27 | Research | Heavy Plow |
| 25:38 | Create | Villager (Male) |
| 26:15 | Build | Town Center |
| 26:28 | Build | House |
| 26:32 | Build | House |
| 26:34 | Build | House |
| 26:36 | Build | House |
| 26:37 | Build | House |
| 26:39 | Build | House |
| 26:44 | Build | House |
| 26:46 | Build | House |
| 26:47 | Build | House |
| 26:48 | Build | House |
| 26:50 | Build | House |
| 26:52 | Build | House |
| 26:55 | Build | House |
| 26:57 | Build | House |
| 26:58 | Build | House |
| 27:00 | Build | House |
| 27:02 | Build | House |
| 27:03 | Build | House |
| 27:06 | Build | House |
| 27:10 | Build | House |
| 27:12 | Build | House |
| 27:13 | Build | House |
| 27:33 | Create | Villager (Male) |
| 27:34 | Create | Villager (Male) |
| 28:34 | Build | Market |
| 29:15 | Create | Villager (Male) |
| 29:15 | Create | Villager (Male) |
| 29:32 | Create | Villager (Male) ×5 |
| 29:34 | Create | Villager (Male) ×5 |
| 30:02 | Build | University |
| 30:18 | Research | Caravan |
| 30:19 | Create | Trade Cart ×3 |
| 31:01 | Create | Villager (Male) ×5 |
| 31:01 | Create | Villager (Male) ×2 |
| 31:02 | Create | Villager (Male) ×2 |
| 31:10 | Build | Mining Camp |
| 31:26 | Research | Treadmill Crane |
| 32:28 | Build | Farm |
| 32:29 | Build | Farm |
| 32:30 | Build | Farm |
| 32:42 | Build | Farm |
| 32:43 | Build | Farm |
| 32:45 | Build | Farm |
| 32:56 | Build | Farm |
| 33:02 | Build | Farm |
| 33:24 | Research | Chemistry |
| 33:41 | Create | Villager (Male) ×5 |
| 34:10 | Create | Villager (Male) |
| 34:10 | Create | Villager (Male) |
| 34:10 | Create | Villager (Male) |
| 34:11 | Create | Villager (Male) |
| 34:15 | Create | Villager (Male) |
| 35:36 | Build | Mining Camp |
| 35:55 | Build | Siege Workshop |
| 35:58 | Build | Siege Workshop |
| 36:04 | Build | Siege Workshop |
| 36:10 | Build | Siege Workshop |
| 36:32 | Build | House |
| 36:33 | Build | House |
| 36:34 | Build | House |
| 36:35 | Build | House |
Build order — Pedrambo
First 150 of 398 actions detected
| 0:07 | Build | House |
| 0:08 | Build | House |
| 0:09 | Build | House |
| 0:14 | Research | Loom |
| 0:14 | Create | Villager (Male) ×4 |
| 2:29 | Create | Villager (Male) |
| 2:30 | Create | Villager (Male) |
| 2:35 | Create | Villager (Male) |
| 3:00 | Create | Villager (Male) |
| 3:44 | Create | Villager (Male) |
| 3:45 | Create | Villager (Male) |
| 4:00 | Build | Lumber Camp |
| 4:12 | Create | Villager (Male) |
| 4:22 | Create | Villager (Male) |
| 4:38 | Create | Villager (Male) |
| 5:34 | Create | Villager (Male) |
| 5:34 | Create | Villager (Male) |
| 5:45 | Create | Villager (Male) |
| 5:45 | Create | Villager (Male) |
| 7:24 | Build | Mining Camp |
| 7:28 | Create | Villager (Male) |
| 7:34 | Build | House |
| 7:59 | Build | Mill |
| 8:03 | Build | House |
| 8:04 | Build | House |
| 8:05 | Build | House |
| 8:07 | Create | Villager (Male) ×4 |
| 9:50 | Build | Farm |
| 9:55 | Build | Farm |
| 10:06 | Build | Farm |
| 10:40 | Research | Feudal Age |
| 10:56 | Build | House |
| 10:58 | Build | House |
| 11:01 | Build | House |
| 11:02 | Build | House |
| 11:03 | Build | House |
| 11:05 | Build | House |
| 11:47 | Build | Mining Camp |
| 12:50 | Age | Feudal Age |
| 13:28 | Build | Market |
| 13:44 | Build | Blacksmith |
| 14:06 | Create | Villager (Male) |
| 14:18 | Build | House |
| 14:58 | Research | Castle Age |
| 15:06 | Build | Market |
| 16:40 | Build | Barracks |
| 17:38 | Age | Castle Age |
| 17:45 | Build | Town Center |
| 17:53 | Build | Town Center |
| 17:59 | Create | Villager (Male) ×5 |
| 18:04 | Research | Horse Collar |
| 19:06 | Create | Villager (Male) ×3 |
| 19:16 | Build | Farm |
| 19:45 | Build | Farm |
| 19:53 | Create | Villager (Male) |
| 20:25 | Build | Farm |
| 20:30 | Build | Farm |
| 20:46 | Build | Farm |
| 20:54 | Build | Farm |
| 21:07 | Build | Farm |
| 21:16 | Build | Farm |
| 21:25 | Create | Villager (Male) |
| 21:25 | Create | Villager (Male) |
| 21:30 | Build | Farm |
| 21:47 | Build | Farm |
| 21:56 | Build | Farm |
| 22:05 | Research | Double-Bit Axe |
| 22:15 | Create | Villager (Male) |
| 22:22 | Build | Farm |
| 22:23 | Build | Farm |
| 22:31 | Build | Farm |
| 22:36 | Build | Farm |
| 22:44 | Build | Farm |
| 22:45 | Create | Villager (Male) |
| 23:01 | Build | Farm |
| 23:28 | Build | Farm |
| 23:36 | Create | Villager (Male) |
| 23:37 | Create | Villager (Male) |
| 23:38 | Create | Villager (Male) |
| 23:39 | Create | Villager (Male) |
| 23:39 | Create | Villager (Male) |
| 23:40 | Create | Villager (Male) |
| 23:48 | Build | Farm |
| 23:53 | Build | Farm |
| 24:02 | Build | Farm |
| 24:21 | Build | Farm |
| 24:28 | Create | Villager (Male) |
| 24:28 | Create | Villager (Male) |
| 24:29 | Create | Villager (Male) |
| 24:30 | Create | Villager (Male) |
| 24:32 | Create | Villager (Male) |
| 24:34 | Create | Villager (Male) |
| 24:57 | Research | Bow Saw |
| 25:23 | Research | Heavy Plow |
| 25:26 | Create | Villager (Male) |
| 25:35 | Create | Villager (Male) |
| 25:37 | Create | Villager (Male) |
| 25:45 | Create | Villager (Male) |
| 25:49 | Create | Villager (Male) |
| 25:59 | Create | Villager (Male) |
| 26:06 | Create | Villager (Male) |
| 26:12 | Create | Villager (Male) |
| 26:19 | Build | Farm |
| 26:20 | Build | Farm |
| 26:22 | Build | Farm |
| 26:24 | Build | Farm |
| 26:27 | Build | Farm |
| 26:34 | Create | Villager (Male) |
| 26:34 | Create | Villager (Male) |
| 26:36 | Create | Villager (Male) |
| 26:41 | Create | Villager (Male) |
| 26:48 | Create | Villager (Male) |
| 26:57 | Create | Villager (Male) |
| 27:01 | Create | Villager (Male) |
| 27:07 | Create | Villager (Male) |
| 27:26 | Build | Farm |
| 27:27 | Build | Farm |
| 27:29 | Build | Farm |
| 27:32 | Build | Farm |
| 27:35 | Build | Farm |
| 27:37 | Build | Farm |
| 27:55 | Research | Caravan |
| 27:59 | Create | Villager (Male) ×4 |
| 28:31 | Build | Archery Range |
| 28:36 | Research | Squires |
| 28:37 | Research | Pikeman (upgrade) |
| 28:44 | Create | Trade Cart |
| 28:44 | Create | Trade Cart |
| 28:46 | Create | Trade Cart |
| 28:46 | Create | Trade Cart |
| 28:51 | Create | Villager (Male) ×5 |
| 28:54 | Create | Villager (Male) |
| 29:05 | Build | Farm |
| 29:06 | Build | Farm |
| 29:09 | Create | Villager (Male) ×2 |
| 29:19 | Create | Villager (Male) |
| 29:20 | Create | Villager (Male) |
| 29:23 | Create | Villager (Male) |
| 29:33 | Build | Farm |
| 29:35 | Build | Farm |
| 29:37 | Build | Farm |
| 29:40 | Create | Villager (Male) |
| 29:41 | Create | Villager (Male) |
| 29:41 | Create | Villager (Male) |
| 29:42 | Create | Villager (Male) |
| 29:46 | Create | Trade Cart |
| 29:46 | Create | Trade Cart |
| 29:47 | Create | Trade Cart |
| 29:54 | Research | Fletching |
| 30:04 | Build | Farm |
Build order — Stolt
First 150 of 281 actions detected
| 0:08 | Build | House |
| 0:12 | Build | House |
| 0:20 | Create | Villager (Male) |
| 0:20 | Create | Villager (Male) |
| 0:21 | Create | Villager (Male) |
| 0:21 | Create | Villager (Male) |
| 2:04 | Create | Villager (Male) |
| 3:04 | Create | Villager (Male) |
| 3:05 | Create | Villager (Male) |
| 3:07 | Create | Villager (Male) |
| 3:46 | Create | Villager (Male) |
| 4:12 | Build | House |
| 4:22 | Create | Villager (Male) |
| 4:23 | Create | Villager (Male) |
| 4:40 | Build | Mill |
| 4:45 | Create | Villager (Male) |
| 5:02 | Create | Villager (Male) |
| 5:57 | Create | Villager (Male) |
| 5:57 | Create | Villager (Male) |
| 6:07 | Build | House |
| 7:31 | Create | Villager (Male) |
| 7:31 | Create | Villager (Male) |
| 7:31 | Create | Villager (Male) |
| 7:32 | Create | Villager (Male) |
| 7:32 | Create | Villager (Male) |
| 7:36 | Create | Villager (Male) |
| 8:18 | Create | Villager (Male) |
| 9:36 | Build | Lumber Camp |
| 10:17 | Research | Feudal Age |
| 10:54 | Build | House |
| 10:56 | Build | House |
| 11:22 | Research | Loom |
| 11:35 | Build | Mining Camp |
| 12:27 | Age | Feudal Age |
| 12:44 | Build | Stone Wall |
| 12:55 | Create | Villager (Male) |
| 12:55 | Create | Villager (Male) |
| 12:55 | Create | Villager (Male) |
| 12:56 | Create | Villager (Male) |
| 12:57 | Create | Villager (Male) |
| 12:57 | Create | Villager (Male) |
| 12:58 | Create | Villager (Male) |
| 12:59 | Create | Villager (Male) |
| 13:37 | Research | Double-Bit Axe |
| 13:43 | Create | Villager (Male) |
| 15:03 | Build | Market |
| 15:14 | Build | Blacksmith |
| 15:54 | Build | Farm |
| 15:57 | Build | Farm |
| 16:04 | Build | Farm |
| 16:08 | Build | Farm |
| 16:21 | Build | Farm |
| 16:50 | Build | Farm |
| 16:54 | Research | Castle Age |
| 17:09 | Build | House |
| 17:11 | Build | House |
| 17:28 | Build | Barracks |
| 17:37 | Build | Farm |
| 18:07 | Build | Farm |
| 18:29 | Research | Wheelbarrow |
| 18:37 | Build | Farm |
| 18:57 | Build | Farm |
| 19:16 | Build | Farm |
| 19:34 | Age | Castle Age |
| 19:42 | Build | Town Center |
| 20:06 | Build | Town Center |
| 20:27 | Build | Gate |
| 20:37 | Build | Gate |
| 20:53 | Create | Villager (Male) |
| 20:54 | Create | Villager (Male) |
| 21:07 | Create | Villager (Male) |
| 21:07 | Create | Villager (Male) |
| 21:13 | Create | Villager (Male) |
| 21:13 | Create | Villager (Male) |
| 21:14 | Create | Villager (Male) |
| 21:57 | Build | Siege Workshop |
| 22:11 | Create | Villager (Male) |
| 22:12 | Create | Villager (Male) |
| 22:12 | Create | Villager (Male) |
| 22:16 | Build | Farm |
| 22:21 | Build | Farm |
| 22:30 | Build | Farm |
| 22:44 | Build | House |
| 22:46 | Build | House |
| 22:50 | Build | House |
| 22:54 | Build | House |
| 23:02 | Build | House |
| 23:07 | Build | House |
| 23:09 | Build | House |
| 23:12 | Build | House |
| 23:13 | Build | House |
| 23:17 | Build | House |
| 23:19 | Build | House |
| 23:28 | Build | House |
| 23:31 | Build | House |
| 23:40 | Create | Villager (Male) |
| 23:40 | Create | Villager (Male) |
| 23:41 | Create | Villager (Male) |
| 23:41 | Create | Villager (Male) |
| 23:45 | Create | Villager (Male) |
| 23:45 | Create | Villager (Male) |
| 24:24 | Build | Market |
| 25:34 | Research | Gold Mining |
| 25:35 | Research | Stone Mining |
| 25:42 | Create | Villager (Male) |
| 25:42 | Create | Villager (Male) |
| 25:43 | Create | Villager (Male) |
| 25:43 | Create | Villager (Male) |
| 25:43 | Create | Villager (Male) |
| 26:08 | Build | Castle |
| 26:22 | Research | Bow Saw |
| 27:14 | Create | Villager (Male) |
| 27:14 | Create | Villager (Male) |
| 27:38 | Create | Villager (Male) |
| 27:39 | Create | Villager (Male) |
| 27:39 | Create | Villager (Male) |
| 27:44 | Create | Villager (Male) |
| 27:45 | Create | Villager (Male) |
| 27:49 | Research | Hand Cart |
| 27:50 | Create | Villager (Male) |
| 27:51 | Create | Villager (Male) |
| 28:47 | Create | Villager (Male) |
| 28:48 | Create | Villager (Male) |
| 28:48 | Create | Villager (Male) |
| 28:51 | Create | Villager (Male) |
| 28:51 | Create | Villager (Male) |
| 29:22 | Build | University |
| 29:31 | Build | Mining Camp |
| 29:47 | Create | Villager (Male) |
| 29:48 | Create | Villager (Male) |
| 29:51 | Create | Villager (Male) |
| 29:51 | Create | Villager (Male) |
| 29:51 | Create | Villager (Male) |
| 29:53 | Create | Villager (Male) |
| 29:53 | Create | Villager (Male) |
| 30:03 | Build | Farm |
| 30:09 | Research | Horse Collar |
| 30:26 | Build | Farm |
| 30:46 | Build | Farm |
| 31:35 | Build | Siege Workshop |
| 31:43 | Build | Siege Workshop |
| 31:46 | Build | Siege Workshop |
| 31:50 | Build | Siege Workshop |
| 32:13 | Create | Trade Cart |
| 32:14 | Create | Trade Cart |
| 32:14 | Create | Trade Cart |
| 32:15 | Create | Trade Cart |
| 32:15 | Create | Trade Cart |
| 32:16 | Create | Trade Cart |
| 32:16 | Create | Trade Cart |
Build order — RevolverAguilar
First 150 of 293 actions detected
| 0:08 | Create | Villager (Male) |
| 0:09 | Create | Villager (Male) |
| 0:09 | Create | Villager (Male) |
| 0:11 | Build | House |
| 0:13 | Build | House |
| 1:09 | Create | Villager (Male) |
| 1:35 | Create | Villager (Male) |
| 2:32 | Create | Villager (Male) |
| 2:32 | Create | Villager (Male) |
| 2:43 | Create | Villager (Male) |
| 3:12 | Create | Villager (Male) |
| 3:41 | Create | Villager (Male) |
| 3:42 | Create | Villager (Male) |
| 4:16 | Build | House |
| 4:36 | Build | Mill |
| 4:56 | Create | Villager (Male) |
| 4:56 | Create | Villager (Male) |
| 4:56 | Create | Villager (Male) |
| 4:59 | Create | Villager (Male) |
| 4:59 | Create | Villager (Male) |
| 5:56 | Create | Villager (Male) |
| 6:03 | Build | House |
| 7:17 | Create | Villager (Male) |
| 7:17 | Create | Villager (Male) |
| 7:17 | Create | Villager (Male) |
| 8:12 | Create | Villager (Male) |
| 8:12 | Create | Villager (Male) |
| 9:31 | Create | Villager (Male) |
| 9:51 | Build | Lumber Camp |
| 11:03 | Research | Feudal Age |
| 11:43 | Build | Mining Camp |
| 13:16 | Build | Lumber Camp |
| 13:29 | Build | Market |
| 13:31 | Create | Villager (Male) ×5 |
| 13:39 | Build | House |
| 13:50 | Build | Farm |
| 13:58 | Build | Farm |
| 14:06 | Build | Farm |
| 14:10 | Build | Farm |
| 14:22 | Build | Farm |
| 14:39 | Create | Villager (Male) ×5 |
| 14:39 | Create | Villager (Male) ×5 |
| 15:09 | Build | House |
| 15:17 | Build | Farm |
| 15:41 | Build | Farm |
| 15:49 | Build | Farm |
| 15:55 | Build | Farm |
| 16:31 | Build | Mining Camp |
| 16:58 | Build | House |
| 17:00 | Build | House |
| 17:03 | Build | House |
| 17:14 | Build | Farm |
| 17:28 | Build | Farm |
| 17:54 | Build | Farm |
| 18:09 | Build | House |
| 18:10 | Build | House |
| 18:19 | Build | Farm |
| 18:46 | Build | Farm |
| 19:14 | Build | Blacksmith |
| 19:36 | Build | Farm |
| 20:01 | Research | Castle Age |
| 20:06 | Research | Stone Mining |
| 20:10 | Research | Gold Mining |
| 20:16 | Research | Double-Bit Axe |
| 20:38 | Research | Horse Collar |
| 21:45 | Create | Trade Cart |
| 21:46 | Create | Trade Cart |
| 21:46 | Create | Trade Cart |
| 23:04 | Create | Villager (Male) ×5 |
| 23:20 | Build | Town Center |
| 23:55 | Build | Castle |
| 24:25 | Create | Trade Cart |
| 24:26 | Create | Trade Cart |
| 24:58 | Build | Monastery |
| 25:16 | Create | Villager (Male) ×5 |
| 25:37 | Build | Mining Camp |
| 25:50 | Build | Town Center |
| 26:16 | Create | Villager (Male) ×5 |
| 27:14 | Research | Imperial Age |
| 27:20 | Research | Wheelbarrow |
| 27:32 | Create | Villager (Male) ×5 |
| 27:41 | Build | Mining Camp |
| 27:43 | Create | Monk |
| 28:01 | Create | Monk |
| 28:13 | Build | House |
| 28:15 | Build | House |
| 28:16 | Build | House |
| 28:19 | Build | House |
| 28:21 | Build | House |
| 28:23 | Build | House |
| 28:25 | Build | House |
| 28:26 | Build | House |
| 28:27 | Build | House |
| 28:30 | Build | House |
| 28:32 | Build | House |
| 28:35 | Build | House |
| 28:36 | Build | House |
| 28:37 | Build | House |
| 28:39 | Build | House |
| 28:42 | Build | House |
| 28:44 | Build | House |
| 28:45 | Build | House |
| 28:47 | Build | House |
| 28:48 | Build | House |
| 28:50 | Build | House |
| 28:53 | Build | House |
| 28:55 | Build | House |
| 28:56 | Build | House |
| 29:04 | Create | Villager (Male) |
| 29:06 | Research | Hand Cart |
| 29:07 | Create | Villager (Male) |
| 29:08 | Create | Villager (Male) |
| 29:38 | Create | Monk |
| 29:49 | Research | Fervor |
| 30:29 | Build | Feitoria |
| 30:39 | Build | Feitoria |
| 30:58 | Research | Loom |
| 31:03 | Research | Guilds |
| 31:24 | Create | Monk |
| 32:15 | Build | University |
| 32:33 | Create | Monk |
| 33:00 | Build | Feitoria |
| 33:30 | Research | Ballistics |
| 33:30 | Research | Chemistry |
| 33:32 | Research | Treadmill Crane |
| 33:32 | Research | Masonry |
| 33:33 | Research | Siege Engineers |
| 33:34 | Research | Murder Holes |
| 33:35 | Research | Fortified Wall (upgrade) |
| 33:58 | Create | Monk |
| 34:25 | Build | Feitoria |
| 34:46 | Research | Guard Tower (upgrade) |
| 35:30 | Build | Mining Camp |
| 36:15 | Build | Castle |
| 36:36 | Build | Lumber Camp |
| 36:46 | Build | Lumber Camp |
| 36:59 | Build | Lumber Camp |
| 37:48 | Build | Mining Camp |
| 38:41 | Build | Wonder |
| 40:21 | Build | Feitoria |
| 40:29 | Build | Siege Workshop |
| 40:37 | Build | Siege Workshop |
| 41:30 | Build | Siege Workshop |
| 42:15 | Build | Siege Workshop |
| 42:27 | Research | Architecture |
| 42:29 | Research | Keep (upgrade) |
| 42:30 | Research | Bombard Tower (upgrade) |
| 42:43 | Build | Feitoria |
| 43:07 | Build | House |
| 43:08 | Build | House |
Build order — Dexter
First 150 of 754 actions detected
| 0:02 | Create | Villager (Male) |
| 0:02 | Create | Villager (Male) |
| 0:02 | Create | Villager (Male) |
| 0:02 | Create | Villager (Male) |
| 0:02 | Create | Villager (Male) |
| 0:04 | Build | House |
| 0:06 | Build | House |
| 1:26 | Create | Villager (Male) |
| 1:26 | Create | Villager (Male) |
| 1:26 | Create | Villager (Male) |
| 1:26 | Create | Villager (Male) |
| 1:26 | Create | Villager (Male) |
| 1:48 | Build | Lumber Camp |
| 2:19 | Create | Villager (Male) |
| 2:19 | Create | Villager (Male) |
| 2:19 | Create | Villager (Male) |
| 2:19 | Create | Villager (Male) |
| 2:32 | Create | Villager (Male) |
| 2:32 | Create | Villager (Male) |
| 2:32 | Create | Villager (Male) |
| 2:32 | Create | Villager (Male) |
| 2:32 | Create | Villager (Male) |
| 3:17 | Build | House |
| 3:18 | Build | House |
| 3:22 | Create | Villager (Male) |
| 3:22 | Create | Villager (Male) |
| 3:22 | Create | Villager (Male) |
| 3:22 | Create | Villager (Male) |
| 3:48 | Create | Villager (Male) |
| 3:49 | Create | Villager (Male) |
| 3:49 | Create | Villager (Male) |
| 3:49 | Create | Villager (Male) |
| 3:49 | Create | Villager (Male) |
| 3:49 | Create | Villager (Male) |
| 3:49 | Create | Villager (Male) |
| 3:59 | Create | Villager (Male) |
| 3:59 | Create | Villager (Male) |
| 3:59 | Create | Villager (Male) |
| 3:59 | Create | Villager (Male) |
| 3:59 | Create | Villager (Male) |
| 4:21 | Build | House |
| 4:47 | Create | Villager (Male) |
| 4:47 | Create | Villager (Male) |
| 5:33 | Create | Villager (Male) |
| 5:33 | Create | Villager (Male) |
| 5:33 | Create | Villager (Male) |
| 6:07 | Create | Villager (Male) |
| 6:07 | Create | Villager (Male) |
| 6:07 | Create | Villager (Male) |
| 6:24 | Create | Villager (Male) |
| 6:24 | Create | Villager (Male) |
| 6:25 | Create | Villager (Male) |
| 6:25 | Create | Villager (Male) |
| 6:31 | Create | Villager (Male) |
| 6:32 | Create | Villager (Male) |
| 6:32 | Create | Villager (Male) |
| 6:32 | Create | Villager (Male) |
| 6:32 | Create | Villager (Male) |
| 6:51 | Build | Mill |
| 7:50 | Build | Farm |
| 7:51 | Build | Farm |
| 8:34 | Create | Villager (Male) |
| 8:43 | Research | Feudal Age |
| 8:52 | Build | Mining Camp |
| 9:10 | Create | Villager (Male) |
| 9:11 | Create | Villager (Male) |
| 10:53 | Age | Feudal Age |
| 10:56 | Build | Blacksmith |
| 11:00 | Build | Market |
| 11:53 | Research | Castle Age |
| 12:04 | Research | Double-Bit Axe |
| 12:08 | Research | Horse Collar |
| 13:44 | Create | Villager (Male) |
| 14:33 | Age | Castle Age |
| 14:37 | Build | Town Center |
| 14:45 | Build | Town Center |
| 15:00 | Create | Villager (Male) |
| 15:02 | Build | Farm |
| 15:05 | Research | Loom |
| 15:08 | Research | Bow Saw |
| 15:20 | Build | House |
| 15:22 | Build | House |
| 15:28 | Create | Villager (Male) |
| 15:28 | Create | Villager (Male) |
| 15:34 | Build | Farm |
| 15:45 | Build | House |
| 16:06 | Build | Farm |
| 16:08 | Build | Farm |
| 16:09 | Build | Farm |
| 16:13 | Build | Farm |
| 16:19 | Create | Villager (Male) |
| 16:20 | Create | Villager (Male) |
| 16:22 | Create | Villager (Male) |
| 16:22 | Create | Villager (Male) |
| 16:22 | Create | Villager (Male) |
| 16:28 | Create | Villager (Male) |
| 16:28 | Create | Villager (Male) |
| 16:28 | Create | Villager (Male) |
| 16:28 | Create | Villager (Male) |
| 16:35 | Build | Farm |
| 16:38 | Create | Villager (Male) |
| 16:38 | Create | Villager (Male) |
| 16:38 | Create | Villager (Male) |
| 16:38 | Create | Villager (Male) |
| 16:39 | Create | Villager (Male) |
| 17:08 | Create | Villager (Male) |
| 17:08 | Create | Villager (Male) |
| 17:09 | Create | Villager (Male) |
| 17:09 | Create | Villager (Male) |
| 17:14 | Build | House |
| 17:15 | Build | House |
| 17:16 | Build | House |
| 17:17 | Build | House |
| 17:18 | Build | House |
| 17:31 | Create | Villager (Male) |
| 17:32 | Create | Villager (Male) |
| 17:32 | Create | Villager (Male) |
| 17:32 | Create | Villager (Male) |
| 17:32 | Create | Villager (Male) |
| 17:52 | Create | Villager (Male) |
| 17:53 | Create | Villager (Male) |
| 17:53 | Create | Villager (Male) |
| 17:57 | Build | House |
| 17:58 | Build | House |
| 18:00 | Create | Villager (Male) |
| 18:00 | Create | Villager (Male) |
| 18:03 | Build | Farm |
| 18:04 | Build | Farm |
| 18:04 | Build | Farm |
| 18:05 | Build | Farm |
| 18:06 | Build | Farm |
| 18:13 | Build | Farm |
| 18:30 | Build | Farm |
| 18:31 | Create | Villager (Male) |
| 18:31 | Create | Villager (Male) |
| 18:31 | Create | Villager (Male) |
| 18:31 | Create | Villager (Male) |
| 18:43 | Build | Farm |
| 18:43 | Build | Farm |
| 18:44 | Build | Farm |
| 18:45 | Build | Farm |
| 18:49 | Build | Farm |
| 18:50 | Build | Farm |
| 18:52 | Create | Villager (Male) |
| 18:52 | Create | Villager (Male) |
| 18:52 | Create | Villager (Male) |
| 18:52 | Create | Villager (Male) |
| 18:57 | Build | Farm |
| 18:58 | Build | Farm |
| 19:02 | Build | Farm |
Build order — CNXwilly94
First 150 of 213 actions detected
| 0:14 | Build | House |
| 0:17 | Create | Villager (Male) |
| 0:44 | Create | Villager (Male) |
| 1:26 | Create | Villager (Male) |
| 1:57 | Create | Villager (Male) |
| 2:31 | Create | Villager (Male) |
| 3:06 | Create | Villager (Male) |
| 3:45 | Build | House |
| 3:48 | Create | Villager (Male) |
| 4:42 | Create | Villager (Male) |
| 4:57 | Create | Villager (Male) |
| 5:56 | Create | Villager (Male) |
| 6:13 | Create | Villager (Male) |
| 6:31 | Build | Mill |
| 6:36 | Create | Villager (Male) |
| 6:50 | Build | House |
| 6:58 | Build | Lumber Camp |
| 7:31 | Create | Villager (Male) |
| 8:20 | Create | Villager (Male) |
| 8:53 | Build | Mining Camp |
| 8:58 | Create | Villager (Male) |
| 9:11 | Build | House |
| 11:03 | Research | Feudal Age |
| 12:01 | Create | Villager (Male) |
| 12:02 | Create | Villager (Male) |
| 12:58 | Create | Villager (Male) |
| 13:26 | Build | Blacksmith |
| 13:29 | Create | Villager (Male) |
| 14:27 | Build | Market |
| 14:42 | Create | Villager (Male) |
| 15:09 | Build | Farm |
| 15:14 | Research | Double-Bit Axe |
| 15:26 | Build | Farm |
| 15:35 | Research | Horse Collar |
| 15:39 | Create | Villager (Male) |
| 16:10 | Build | Farm |
| 16:12 | Create | Villager (Male) |
| 16:13 | Create | Villager (Male) |
| 16:24 | Build | House |
| 16:54 | Build | Mining Camp |
| 17:05 | Create | Villager (Male) |
| 17:38 | Build | Farm |
| 17:44 | Research | Castle Age |
| 18:09 | Build | Lumber Camp |
| 19:06 | Create | Trade Cart |
| 19:07 | Create | Trade Cart |
| 20:40 | Build | Town Center |
| 20:51 | Create | Villager (Male) |
| 20:52 | Create | Villager (Male) |
| 21:04 | Research | Bow Saw |
| 21:21 | Research | Gold Mining |
| 21:35 | Build | Farm |
| 21:48 | Build | Farm |
| 21:51 | Create | Villager (Male) |
| 21:51 | Create | Villager (Male) |
| 22:17 | Build | Monastery |
| 22:47 | Create | Villager (Male) |
| 23:06 | Create | Villager (Male) |
| 23:06 | Create | Villager (Male) |
| 23:20 | Create | Villager (Male) |
| 23:42 | Build | Lumber Camp |
| 23:45 | Create | Villager (Male) |
| 23:45 | Create | Villager (Male) |
| 23:58 | Build | Farm |
| 24:05 | Build | Farm |
| 24:08 | Create | Villager (Male) |
| 24:28 | Build | House |
| 24:36 | Build | House |
| 24:44 | Create | Villager (Male) |
| 24:44 | Create | Villager (Male) |
| 25:15 | Create | Villager (Male) |
| 25:49 | Build | University |
| 25:53 | Create | Villager (Male) |
| 25:54 | Create | Villager (Male) |
| 26:21 | Create | Villager (Male) |
| 26:21 | Create | Villager (Male) |
| 26:27 | Create | Trade Cart |
| 26:43 | Build | House |
| 26:45 | Build | House |
| 27:04 | Build | Farm |
| 27:11 | Build | Farm |
| 27:14 | Create | Villager (Male) |
| 27:15 | Create | Villager (Male) |
| 27:22 | Create | Villager (Male) |
| 27:22 | Create | Villager (Male) |
| 27:56 | Create | Villager (Male) |
| 27:56 | Create | Villager (Male) |
| 28:08 | Build | Farm |
| 28:16 | Build | Farm |
| 28:19 | Create | Villager (Male) |
| 28:19 | Create | Villager (Male) |
| 28:24 | Create | Villager (Male) |
| 28:51 | Create | Villager (Male) |
| 29:22 | Build | Town Center |
| 30:08 | Create | Trade Cart |
| 30:08 | Create | Trade Cart |
| 30:09 | Create | Trade Cart |
| 30:09 | Create | Trade Cart |
| 30:20 | Create | Trade Cart |
| 30:21 | Create | Trade Cart |
| 31:02 | Build | Farm |
| 31:10 | Build | Farm |
| 31:12 | Create | Villager (Male) |
| 31:13 | Create | Villager (Male) |
| 31:26 | Create | Villager (Male) |
| 31:26 | Create | Villager (Male) |
| 31:48 | Create | Villager (Male) |
| 31:49 | Create | Villager (Male) |
| 31:49 | Create | Villager (Male) |
| 31:49 | Create | Villager (Male) |
| 32:02 | Build | Farm |
| 32:15 | Build | Farm |
| 32:29 | Build | Farm |
| 32:52 | Build | House |
| 32:56 | Build | House |
| 33:17 | Build | Lumber Camp |
| 33:32 | Build | Lumber Camp |
| 33:52 | Create | Villager (Male) |
| 33:52 | Create | Villager (Male) |
| 34:03 | Create | Villager (Male) |
| 34:05 | Create | Villager (Male) |
| 34:28 | Build | Barracks |
| 34:30 | Build | Barracks |
| 34:32 | Build | Barracks |
| 34:46 | Create | Villager (Male) |
| 34:46 | Create | Villager (Male) |
| 35:39 | Research | Imperial Age |
| 36:34 | Research | Wheelbarrow |
| 37:08 | Research | Stone Mining |
| 37:20 | Research | Fletching |
| 37:45 | Build | Castle |
| 38:27 | Research | Hand Cart |
| 38:43 | Create | Villager (Male) |
| 38:43 | Create | Villager (Male) |
| 38:44 | Create | Villager (Male) |
| 39:27 | Build | House |
| 39:29 | Build | House |
| 39:31 | Build | House |
| 40:30 | Build | Siege Workshop |
| 40:32 | Build | Siege Workshop |
| 40:46 | Research | Pikeman (upgrade) |
| 41:00 | Create | Villager (Male) |
| 41:04 | Create | Villager (Male) |
| 41:16 | Create | Villager (Male) ×5 |
| 41:20 | Create | Villager (Male) ×5 |
| 41:45 | Build | Stable |
| 41:47 | Build | Stable |
| 41:51 | Build | Stable |
| 42:25 | Create | Trade Cart ×5 |
| 42:42 | Create | Villager (Male) |
Build order — banjin
First 150 of 732 actions detected
| 0:03 | Create | Villager (Male) |
| 0:03 | Create | Villager (Male) |
| 0:05 | Build | House |
| 0:12 | Create | Villager (Male) |
| 0:12 | Create | Villager (Male) |
| 0:13 | Create | Villager (Male) |
| 0:13 | Create | Villager (Male) |
| 0:13 | Create | Villager (Male) |
| 1:25 | Create | Villager (Male) |
| 1:25 | Create | Villager (Male) |
| 1:26 | Create | Villager (Male) |
| 1:28 | Build | Lumber Camp |
| 1:57 | Build | House |
| 2:08 | Create | Villager (Male) |
| 2:09 | Create | Villager (Male) |
| 2:09 | Create | Villager (Male) |
| 2:32 | Create | Villager (Male) |
| 2:33 | Create | Villager (Male) |
| 2:33 | Create | Villager (Male) |
| 3:02 | Create | Villager (Male) |
| 3:02 | Create | Villager (Male) |
| 3:02 | Create | Villager (Male) |
| 3:41 | Build | House |
| 3:44 | Create | Villager (Male) |
| 3:44 | Create | Villager (Male) |
| 3:44 | Create | Villager (Male) |
| 3:45 | Create | Villager (Male) |
| 4:03 | Create | Villager (Male) |
| 4:03 | Create | Villager (Male) |
| 4:03 | Create | Villager (Male) |
| 4:19 | Build | Mill |
| 4:42 | Create | Villager (Male) |
| 4:42 | Create | Villager (Male) |
| 4:42 | Create | Villager (Male) |
| 5:26 | Create | Villager (Male) |
| 5:30 | Build | House |
| 5:47 | Create | Villager (Male) |
| 6:27 | Create | Villager (Male) |
| 6:30 | Build | House |
| 6:33 | Create | Villager (Male) |
| 7:07 | Create | Villager (Male) |
| 7:40 | Build | Lumber Camp |
| 7:50 | Create | Villager (Male) |
| 7:51 | Create | Villager (Male) |
| 8:07 | Build | House |
| 8:32 | Create | Villager (Male) |
| 8:35 | Create | Villager (Male) |
| 9:05 | Create | Villager (Male) |
| 9:35 | Build | Mining Camp |
| 9:56 | Research | Feudal Age |
| 9:56 | Research | Feudal Age |
| 9:57 | Research | Feudal Age |
| 10:26 | Build | Farm |
| 10:33 | Build | Farm |
| 11:18 | Build | Farm |
| 12:00 | Age | Feudal Age |
| 12:02 | Build | Market |
| 12:04 | Create | Villager (Male) |
| 12:04 | Create | Villager (Male) |
| 12:09 | Build | Blacksmith |
| 12:13 | Build | Farm |
| 12:31 | Build | Farm |
| 12:54 | Research | Castle Age |
| 12:54 | Research | Castle Age |
| 13:15 | Build | House |
| 13:30 | Research | Double-Bit Axe |
| 13:30 | Research | Double-Bit Axe |
| 13:31 | Research | Double-Bit Axe |
| 13:35 | Research | Horse Collar |
| 13:35 | Research | Horse Collar |
| 13:55 | Build | Farm |
| 13:58 | Build | Farm |
| 14:22 | Build | House |
| 15:02 | Build | House |
| 15:19 | Age | Castle Age |
| 15:26 | Build | Town Center |
| 15:35 | Build | Town Center |
| 15:39 | Create | Villager (Male) |
| 15:40 | Create | Villager (Male) |
| 15:47 | Research | Bow Saw |
| 15:47 | Research | Bow Saw |
| 15:48 | Research | Bow Saw |
| 15:51 | Research | Heavy Plow |
| 15:51 | Research | Heavy Plow |
| 15:52 | Research | Heavy Plow |
| 16:00 | Build | House |
| 16:08 | Build | Farm |
| 16:11 | Create | Villager (Male) |
| 16:25 | Create | Villager (Male) |
| 16:36 | Build | Monastery |
| 16:41 | Create | Villager (Male) |
| 16:41 | Create | Villager (Male) |
| 16:51 | Create | Villager (Male) |
| 16:56 | Build | Farm |
| 17:09 | Build | House |
| 17:11 | Build | House |
| 17:12 | Build | House |
| 17:16 | Create | Villager (Male) |
| 17:16 | Create | Villager (Male) |
| 17:20 | Build | Farm |
| 17:26 | Build | Farm |
| 17:27 | Build | Farm |
| 17:30 | Create | Villager (Male) |
| 17:34 | Build | Farm |
| 17:39 | Build | Farm |
| 17:42 | Build | Farm |
| 17:46 | Build | Farm |
| 17:49 | Build | Farm |
| 17:51 | Create | Villager (Male) |
| 17:55 | Build | Farm |
| 17:58 | Build | Farm |
| 18:01 | Create | Villager (Male) |
| 18:09 | Create | Monk |
| 18:17 | Build | Farm |
| 18:22 | Build | House |
| 18:23 | Build | House |
| 18:24 | Build | House |
| 18:25 | Create | Villager (Male) |
| 18:27 | Create | Villager (Male) |
| 18:32 | Create | Villager (Male) |
| 18:32 | Create | Villager (Male) |
| 18:43 | Create | Villager (Male) |
| 18:47 | Create | Villager (Male) |
| 18:52 | Build | House |
| 18:53 | Build | House |
| 18:59 | Build | Farm |
| 19:01 | Create | Villager (Male) |
| 19:05 | Create | Villager (Male) |
| 19:11 | Build | Farm |
| 19:14 | Create | Villager (Male) |
| 19:21 | Create | Villager (Male) |
| 19:30 | Create | Villager (Male) |
| 19:42 | Build | Farm |
| 19:43 | Build | Farm |
| 19:48 | Build | Farm |
| 19:51 | Build | Farm |
| 19:53 | Create | Villager (Male) |
| 20:00 | Build | Farm |
| 20:12 | Build | House |
| 20:13 | Build | House |
| 20:14 | Build | House |
| 20:16 | Create | Monk |
| 20:23 | Create | Villager (Male) |
| 20:25 | Research | Wheelbarrow |
| 20:25 | Research | Wheelbarrow |
| 20:26 | Research | Wheelbarrow |
| 20:31 | Build | Farm |
| 20:33 | Create | Villager (Male) |
| 20:37 | Create | Villager (Male) |
| 20:40 | Create | Villager (Male) |
Match timeline
| 10:53 | Dexter · age_up feudal |
| 11:14 | zackariaz_87 · age_up feudal |
| 11:57 | Glenn (g0lix) · age_up feudal |
| 12:00 | banjin · age_up feudal |
| 12:27 | Stolt · age_up feudal |
| 12:44 | Stolt · wall_segment Stone Wall x29 |
| 12:50 | Pedrambo · age_up feudal |
| 14:33 | Dexter · age_up castle |
| 15:13 | Glenn (g0lix) · first_market_buy 100 food |
| 15:19 | banjin · age_up castle |
| 16:36 | banjin · first_building Monastery |
| 16:37 | zackariaz_87 · wall_segment Stone Wall x11 |
| 16:40 | Pedrambo · first_building Barracks |
| 16:40 | zackariaz_87 · wall_segment Stone Wall x23 |
| 17:28 | Stolt · first_building Barracks |
| 17:38 | Pedrambo · age_up castle |
| 19:34 | Stolt · age_up castle |
| 20:38 | Glenn (g0lix) · age_up castle |
| 21:24 | zackariaz_87 · age_up castle |
| 21:57 | Stolt · first_building Siege Workshop |
| 22:00 | zackariaz_87 · first_building Monastery |
| 22:17 | CNXwilly94 · first_building Monastery |
| 23:01 | Glenn (g0lix) · first_building Monastery |
| 23:55 | RevolverAguilar · first_building Castle |
| 24:09 | Glenn (g0lix) · first_market_sell 100 food |
| 24:37 | zackariaz_87 · first_building Castle |
| 24:51 | RevolverAguilar · first_market_buy 100 wood |
| 24:55 | banjin · first_building Barracks |
| 24:58 | RevolverAguilar · first_building Monastery |
| 25:12 | Dexter · first_building Monastery |
| 26:04 | banjin · first_building Stable |
| 26:08 | Stolt · first_building Castle |
| 27:10 | RevolverAguilar · first_market_sell 100 food |
| 28:27 | banjin · first_building Castle |
| 28:31 | Pedrambo · first_building Archery Range |
| 28:54 | Dexter · first_building Castle |
| 29:07 | zackariaz_87 · first_building Siege Workshop |
| 30:04 | banjin · age_up imperial |
| 31:05 | Dexter · first_building Siege Workshop |
| 31:29 | Dexter · age_up imperial |
| 31:37 | Pedrambo · first_building Castle |
| 32:00 | Dexter · first_building Barracks |
| 32:23 | Dexter · first_market_buy 100 wood |
| 32:31 | Pedrambo · wall_segment Stone Wall x45 |
| 32:58 | zackariaz_87 · wall_segment Stone Wall x19 |
| 32:59 | banjin · first_building Siege Workshop |
| 34:28 | CNXwilly94 · first_building Barracks |
| 34:51 | Pedrambo · first_market_sell 100 wood |
| 35:35 | Stolt · age_up imperial |
| 35:55 | Glenn (g0lix) · first_building Siege Workshop |
| 36:23 | Stolt · wall_segment Stone Wall x9 |
| 36:34 | Stolt · wall_segment Stone Wall x5 |
| 36:42 | zackariaz_87 · wall_segment Stone Wall x11 |
| 36:46 | Stolt · wall_segment Stone Wall x5 |
| 36:48 | zackariaz_87 · wall_segment Stone Wall x20 |
| 37:41 | Stolt · wall_segment Stone Wall x6 |
| 37:44 | Glenn (g0lix) · first_building Barracks |
| 37:45 | CNXwilly94 · first_building Castle |
| 38:15 | zackariaz_87 · age_up imperial |
| 38:17 | Pedrambo · age_up imperial |
| 39:36 | Dexter · first_building Archery Range |
| 39:48 | Stolt · first_market_sell 100 wood |
| 40:29 | RevolverAguilar · first_building Siege Workshop |
| 40:30 | CNXwilly94 · first_building Siege Workshop |
| 41:45 | CNXwilly94 · first_building Stable |
| 42:09 | Glenn (g0lix) · age_up imperial |
| 46:52 | Glenn (g0lix) · wall_segment Stone Wall x5 |
| 48:47 | CNXwilly94 · first_building Archery Range |
| 49:15 | Pedrambo · first_building Stable |
| 54:15 | Stolt · wall_segment Stone Wall x10 |
| 54:30 | Stolt · wall_segment Stone Wall x23 |
| 54:48 | Dexter · first_market_sell 500 food |
| 57:20 | Glenn (g0lix) · tribute_sent a jugador 2 |
| 57:20 | Glenn (g0lix) · tribute_sent a jugador 3 |
| 57:20 | Glenn (g0lix) · tribute_sent a jugador 4 |
| 57:20 | Glenn (g0lix) · tribute_sent a jugador 5 |
| 57:20 | Glenn (g0lix) · tribute_sent a jugador 6 |
| 57:20 | Glenn (g0lix) · tribute_sent a jugador 7 |
| 57:20 | Glenn (g0lix) · tribute_sent a jugador 8 |
| 57:32 | Glenn (g0lix) · resign |
| 57:43 | Stolt · wall_segment Stone Wall x5 |
| 59:03 | Stolt · wall_segment Stone Wall x5 |
| 59:15 | Stolt · wall_segment Stone Wall x31 |
[ AI ANALYSIS · 1 CREDIT ]
What really happened in this match?
Wolo.gg analyzes every decision: build order, eco, micro, common mistakes by bracket. Personalized analysis on WhatsApp or Discord in 30 seconds.
Civ guide
Mongols
Map guide
Amazon Tunnel
Perfil
Jugador #12971921